 Dungeon Crawl Stone Soup version 0.26.1-11-gd32895ea62 (webtiles) character file.

Game seed: 10514313741424471818

563 RepoMan the Insei (level 7, -1/52 HPs)
             Began as a Demonspawn Transmuter on July 25, 2021.
             Was an Initiate of Fedhas.
             Slain by a bullfrog (4 damage)
             ... on level 5 of the Dungeon.
             The game lasted 00:21:48 (4087 turns).

RepoMan the Insei (Demonspawn Transmuter)           Turns: 4087, Time: 00:21:49

Health: -1/52      AC:  2    Str: 14 (16) XL:     7   Next: 10%
Magic:  12/12      EV: 12    Int: 12 (15) God:    Fedhas [......]
Gold:   145        SH:  0    Dex: 14 (15) Spells: 6/12 levels left

rFire    . . .     SeeInvis .     - Unarmed
rCold    . . .     Faith    .   (no shield)
rNeg     . . .     Spirit   .   a - +0 robe
rPois    .         Reflect  .   (helmet currently unavailable)
rElec    .         Harm     .   (no cloak)
rCorr    .         Rampage  .   (no gloves)
Will     +....                  (boots currently unavailable)
Stlth    +.........             f - amulet of regeneration
HPRegen  0.57/turn              c - ring of willpower
MPRegen  0.13/turn              n - +6 ring of strength

@: appendages, flying
A: horns 2, talons 2, powered by pain 1
a: End Transformation, Renounce Religion


You were on level 5 of the Dungeon.
You worshipped Fedhas.
Fedhas was noncommittal.
You had grown temporary horns.
You had grown temporary talons.
You visited 2 branches of the dungeon, and saw 7 of its levels.

You collected 145 gold pieces.

Inventory:

Armour
 a - a +0 robe (worn)
Jewellery
 c - a ring of willpower (left hand)
 f - an amulet of regeneration (around neck)
 n - a +6 ring of strength (right hand)
 u - an uncursed ring of resist corrosion
Wands
 p - a wand of enslavement (8)
Scrolls
 d - 5 scrolls of identify {unknown}
 e - 2 scrolls of immolation {unknown}
 g - a scroll of magic mapping {unknown}
 h - a scroll of random uselessness {unknown}
 i - 2 scrolls of remove curse {unknown}
 j - a scroll of blinking {unknown}
 l - a scroll of enchant armour {unknown}
 r - 2 scrolls of teleportation {unknown}
 s - 2 scrolls of fog {unknown}
Potions
 b - 2 potions of haste
 k - a potion of flight
 m - a potion of magic {unknown}
 o - a potion of attraction {unknown}
 q - a potion of might {unknown}


   Skills:
 + Level 3.0 Fighting
 - Level 1.7 Dodging
 * Level 4.7 Unarmed Combat
 + Level 3.4 Spellcasting
 * Level 4.4 Transmutations


You had 6 spell levels left.
You knew the following spells:

 Your Spells              Type           Power        Failure   Level
a - Beastly Appendage     Tmut           24%          3%          1
s - Spider Form           Tmut/Pois      3%           28%         3
w - Wereblood             Tmut           12%          6%          2

Your spell library contained the following spells:

 Spells                   Type           Power        Failure   Level
 Ice Form                 Ice/Tmut       7%           67%         4
 Blade Hands              Tmut           6%           71%         5


Dungeon Overview and Level Annotations

Branches:
Dungeon (6/15)             Temple (1/1) D:4

Altars:
Ashenzari
Cheibriados
Dithmenos
Elyvilon
Fedhas
Gozag
Hepliaklqana
Makhleb
Nemelex Xobeh
Okawaru
Qazlal
Ru
Sif Muna
Trog
Uskayaw
Vehumet
Wu Jian
Xom
Yredelemnul
The Shining One


Innate Abilities, Weirdness & Mutations

You sometimes gain a little power by taking damage.
You have a pair of horns on your head.
You have razor-sharp toenails.


Message History

You hit the bullfrog but do no damage. Your headbutt misses the bullfrog.
The bullfrog is heavily wounded.
The bullfrog closely misses you.
You hit the bullfrog. You claw the bullfrog. Your headbutt misses the bullfrog.
The bullfrog is heavily wounded.
The bullfrog closely misses you.
You miss the bullfrog.
The bullfrog is heavily wounded.
The bullfrog closely misses you. The bullfrog hits you!
* * * LOW HITPOINT WARNING * * *
It was a potion of flight.
You feel very buoyant.
You fly up into the air.
The bullfrog hits you!
* * * LOW HITPOINT WARNING * * *
It was a potion of degeneration.
There was something very wrong with that liquid.
You feel weakened.
You feel dopey.
You feel clumsy. The bullfrog hits you.
You die...
Fedhas appreciates your contribution to the ecosystem.

######### ##### #########........
######...# #.........#.#####
.......#.#### #.###....###.## #
######......# #.......## ##.###
#......#.# #.##.#...###...##
#.##.#...#####.##.#.#..#.##.##
#.##........F@.....)........#.
#.#####........##.............
####...........#.###.###.#.##..#.
.....########........# #.#.##..#.
####.# #..#.###.###....#..#. #.#
#..#.###...........#. #.#
#.....###.[.....##.#. #.#
#####......##......###.#. #.#
#................##......


You could see a bullfrog.

Vanquished Creatures
  2 ogres
  A howler monkey (D:5)
  2 hounds (D:4)
  2 orc wizards (D:4)
  2 worker ants
  5 adders
  4 gnolls
  A white imp (D:5)
  2 oozes (D:1)
  A worm (D:2)
  3 dart slugs (D:2)
  A leopard gecko (D:1)
  9 orcs
  9 bats
  3 giant cockroaches
  8 goblins
  8 hobgoblins
  A jackal (D:3)
  3 kobolds
  6 quokkas
  2 ball pythons
  4 frilled lizards
  8 rats
87 creatures vanquished.

Notes
Turn   | Place    | Note
-------+----------+-------------------------------------------
     0 | D:1      | RepoMan the Demonspawn Transmuter began the quest for the
                  | Orb.
     0 | D:1      | Reached XP level 1. HP: 15/15 MP: 3/3
   100 | D:1      | Gained mutation: You sometimes gain a little power by
                  | taking damage. [demonic ancestry]
   100 | D:1      | Reached XP level 2. HP: 9/21 MP: 5/5
   265 | D:1      | Learned a level 2 spell: Wereblood
   541 | D:1      | Reached XP level 3. HP: 25/26 MP: 4/6
  1077 | D:2      | Reached XP level 4. HP: 20/33 MP: 5/7
  1718 | D:2      | Learned a level 3 spell: Spider Form
  1990 | D:3      | Reached XP level 5. HP: 37/38 MP: 7/9
  2656 | D:4      | Reached XP level 6. HP: 30/46 MP: 8/10
  2826 | D:4      | Found a staircase to the Ecumenical Temple.
  2832 | Temple   | Entered the Ecumenical Temple
  2963 | Temple   | Became a worshipper of Fedhas Madash
  3376 | D:5      | Entered Level 5 of the Dungeon
  3673 | D:5      | Reached XP level 7. HP: 46/51 MP: 10/12
  4087 | D:5      | Slain by a bullfrog

Illustrated notes

Levels and vault maps discovered:
D:1:      lemuel_arrival_funnel, layout_basic
D:2:      layout_loops_cross
D:3:      minmay_evil_eye, layout_rooms
D:4:      layout_basic, minmay_temple_entry_hall
D:5:      layout_loops_ring
D:6:      layout_basic, hangedman_abyss_or_decor_jellyfish_corner,
          nicolae_ru_the_path_less_chosen
Temple:   regret_index_temple_chain_breaker

Skill      XL: |  1  2  3  4  5  6  7 |
---------------+----------------------+-----
Transmutations | 2 3 4 |  4.4
Unarmed Combat | 3 4 |  4.7
Fighting       | 2 3 |  3.0
Spellcasting   | 3 |  3.4
Dodging        | |  1.7

Action                   |  1- 3 |  4- 6 |  7- 9 || total
-------------------------+-------+-------+-------++-------
Melee: Unarmed           |    93 |   163 |    14 ||   270
       Kick              |    17 |    45 |     3 ||    65
       Headbutt          |     9 |    29 |     1 ||    39
       Punch             |     1 |     2 |       ||     3
 Cast: Beastly Appendage |    19 |    35 |     2 ||    56
       Wereblood         |       |     4 |       ||     4
  Use: Potion            |     1 |       |     2 ||     3
 Stab: Sleeping          |       |     1 |       ||     1
Armor: Robe              |    10 |    19 |     1 ||    30
Dodge: Dodged            |    48 |    98 |    13 ||   159
